 Dungeon Crawl Stone Soup version 0.29-a0-283-ga02f740833 (webtiles) character file.

Game seed: 7586585578391746124

15 testman the Chiller (level 2, -4/19 HPs)
             Began as a Merfolk Ice Elementalist on Mar 13, 2022.
             Slain by a gnoll
             ... wielding a +3 spear of venom
              (6 damage)
             ... on level 1 of the Dungeon.
             The game lasted 00:02:40 (412 turns).

testman the Chiller (Merfolk Ice Elementalist)       Turns: 412, Time: 00:02:41

Health: -4/19      AC:  2    Str:  8    XL:     2   Next: 50%
Magic:  0/5        EV: 12    Int: 14    God:
Gold:   10         SH:  0    Dex: 14    Spells: 4/5 levels left

rFire   x . .      SeeInvis .   l - +0 dagger
rCold   + . .      Faith    .   (no shield)
rNeg    . . .      Spirit   .   a - +0 robe
rPois   .          Reflect  .   (no helmet)
rElec   .          Harm     .   (no cloak)
rCorr   .          Rampage  .   (no gloves)
Will    .....                   (no boots)
Stlth   ++........              k - amulet of the acrobat
HPRegen 0.06/turn               e - ring of ice
MPRegen 0.09/turn               (no ring)

@: mighty, lethally poisoned (-4 -> -14)
A: (nimble swimmer 2), mertail
a: no special abilities


You were on level 1 of the Dungeon.
You visited 1 branch of the dungeon, and saw 1 of its levels.

You collected 10 gold pieces.

Inventory:

Hand Weapons
 i - a +0 club
 l - a +0 dagger (weapon)
Armour
 a - a +0 robe (worn)
Jewellery
 e - a ring of ice (left hand)
 k - an amulet of the acrobat (around neck)
Scrolls
 g - a scroll of teleportation {unknown}
 h - a scroll of enchant armour {unknown}
 m - a scroll of identify {unknown}
Potions
 b - a potion of magic
 d - a potion of degeneration {unknown}
 f - a potion of cancellation {unknown}
 j - a potion of curing {unknown}


   Skills:
 - Level 2.6 Dodging
 - Level 2.1 Stealth
 + Level 2.4 Spellcasting
 + Level 4.7 Ice Magic


You had 4 spell levels left.
You knew the following spells:

 Your Spells              Type           Power      Damage    Failure   Level
a - Freeze                Ice            88%        1d10      3%          1

Your spell library contained the following spells:

 Spells                   Type           Power      Damage    Failure   Level
 Frozen Ramparts          Ice            44%        1d6       10%         3
 Ozocubu's Armour         Ice            22%        N/A       10%         3
 Hailstorm                Conj/Ice       12%        3d5       63%         4


Dungeon Overview and Level Annotations

Branches:
Dungeon (1/15)

Altars:


Innate Abilities, Weirdness & Mutations

((You are very nimble when in or above water. (Stealth+, EV+, Speed+++)))
Your lower body shifts to a powerful aquatic tail in water.


Message History

A kobold comes into view. It is wielding a +0 dagger.
The quokka bites you but does no damage.
You closely miss the quokka.
The quokka is severely wounded.
The gnoll misses you. The quokka barely misses you.
Aiming: Freeze (safe; 3% risk of failure)
Press: ? - help, Q - select action Shift-Dir - straight line, f/p - quokka
Aim: a quokka (heavily wounded)
You feel a surge of power!
You freeze the quokka.
You kill the quokka!
The gnoll closely misses you. The gnoll closely misses you.
You see here a quokka corpse.
Aiming: Freeze (safe; 3% risk of failure)
Press: ? - help, Q - select action Shift-Dir - straight line, f - gnoll
Aim: a gnoll, wielding a +3 spear of venom You feel a surge of power!
You freeze the gnoll.
The gnoll is lightly wounded.
The gnoll closely misses you.
Aiming: Freeze (safe; 3% risk of failure)
Press: ? - help, Q - select action Shift-Dir - straight line, f/p - gnoll
Aim: a gnoll, wielding a +3 spear of venom (lightly wounded)
You feel a surge of power!
You freeze the gnoll.
The gnoll is moderately wounded.
The gnoll hits you with a +3 spear of venom!
Ouch! That really hurt!
Aiming: Freeze (safe; 3% risk of failure)
Press: ? - help, Q - select action Shift-Dir - straight line, f/p - gnoll
Aim: a gnoll, wielding a +3 spear of venom (moderately wounded)
You feel a surge of power!
You freeze the gnoll!
The gnoll is almost dead.
The gnoll hits you with a +3 spear of venom.
* * * LOW HITPOINT WARNING * * *
You are lethally poisoned!
It was a potion of might.
You feel very mighty all of a sudden.
* * * LOW HITPOINT WARNING * * *
You feel very sick.
The gnoll hits you with a +3 spear of venom.
You die...

#.#...#####.##.######
#.......†..)........#
###.#####..###......#
### #.# #..#
#.####.... ...##.#
#..###.####.##.
#..#.# #...........#
###...#
#......###..##
.#..###
#........$.... ...##
#..###@###..## #.##
#... #g# # #.# #.#
#g# #.# #. #K# #.#
#K. #.# ... #.# ...
#.# ...# #.#


You could see a gnoll, a hobgoblin and 2 kobolds.

Vanquished Creatures
  2 ball pythons (D:1)
  An endoplasm (D:1)
  A giant cockroach (D:1)
  A goblin (D:1)
  3 hobgoblins (D:1)
  A kobold (D:1)
  A quokka (D:1)
  A frilled lizard (D:1)
  2 rats (D:1)
13 creatures vanquished.

Notes
Turn   | Place    | Note
-------+----------+-------------------------------------------
     0 | D:1      | testman the Merfolk Ice Elementalist began the quest for
                  | the Orb.
     0 | D:1      | Reached XP level 1. HP: 13/13 MP: 3/3
   189 | D:1      | Reached XP level 2. HP: 19/19 MP: 3/5
   412 | D:1      | Slain by a gnoll

Illustrated notes

Levels and vault maps discovered:
D:1:      dpeg_arrival_shelter, layout_loops_ring, minmay_misc_feat_pillars,
          st_stairs_7

Action                   || total
-------------------------++-------
Melee: Unarmed           ||     2
       Dagger            ||     2
       Club              ||     1
 Cast: Freeze            ||    18
  Use: Potion            ||     1
 Stab: Sleeping          ||     2
Armor: Robe              ||     2
Dodge: Dodged            ||    15

Table legend: (Time is in decaauts)
 A = Elapsed time spent in this place.
 B = Non-inter-level travel time spent in this place.
 C = Inter-level travel time spent in this place.
 D = Time resting spent in this place.
 E = Time spent auto-exploring this place.
 F = Levels seen in this place.
 G = Mean time per level.
                   A        B        C        D        E       F      G
               +--------+--------+--------+--------+--------+-----+--------+
         Total |    410 |    410 |      0 |     88 |    222 |   1 |  410.0 |
       Dungeon |    410 |    410 |      0 |     88 |    222 |   1 |  410.0 |
               +--------+--------+--------+--------+--------+-----+--------+

Top non-repeatable levels by time:
     D:1: 410 daAuts
